 Dungeon Sprint DCSS version 0.18-a0-1354-gbc5753f (webtiles) character file.

261 Kidiri the Covert (level 5, -2/27 HPs)
             Began as a Spriggan Enchanter on Feb 19, 2016.
             Slain by a necrophage (6 damage)
             ... in the Dungeon (Sprint II: "The Violet Keep of Menkaure").
             The game lasted 00:01:26 (344 turns).

Kidiri the Covert (Spriggan Enchanter)               Turns: 344, Time: 00:01:26

Health: -2/27      AC:  3    Str:  4    XL:     5   Next: 96%
Magic:  8/14       EV: 23    Int: 17    God:
Gold:   243        SH:  0    Dex: 17    Spells: 2 memorised, 13 levels left

rFire  . . .     SeeInvis +     a - +1 dagger
rCold  . . .     Gourm    .     b - +1 robe
rNeg   . . .     Faith    .     (shield restricted)
rPois  .         Spirit   .     (helmet restricted)
rElec  .         Dismiss  .     (no cloak)
rCorr  .         Reflect  .     (gloves unavailable)
SustAt .         Harm     .     (boots unavailable)
MR     .....     NoTele   +     (no amulet)
Stlth  +++++.....               (no ring)
                                (no ring)

@: exhausted, slowed, quick, not resistant to hostile enchantments, quite
stealthy
A: unfitting armour, see invisible, herbivore 3, speed 3, slow metabolism 2
a: no special abilities


You were in the Dungeon.
You were not hungry.

You visited 1 branch You collected 243 gold pieces.

Inventory:

Hand Weapons
 a - a +1 dagger (weapon)
Armour
 b - a +1 robe (worn)
Scrolls
 j - a scroll of blinking
Potions
 f - a potion of heal wounds
 g - a potion of haste
 h - 2 potions of magic
Books
 c - a book of Maledictions

   Spells                             Type                      Level
   a - Corona                         Hexes                        1
   b - Ensorcelled Hibernation        Hexes/Ice                    2
   c - Confuse                        Hexes                        3
   d - Tukima's Dance                 Hexes                        3
   e - Dazzling Spray                 Conjuration/Hexes            3
Comestibles
 d - a bread ration


   Skills:
 + Level 2.6 Fighting
 * Level 5.7 Short Blades
 + Level 2.4 Armour
 * Level 8.0 Dodging
 * Level 8.9 Stealth
 * Level 6.4 Spellcasting
 + Level 5.5 Hexes
 + Level 2.5 Ice Magic


You had 13 spell levels left.
You knew the following spells:

 Your Spells              Type           Power        Failure   Level  Hunger
a - Corona                Hex            ###....      1%          1    None
b - Ensorcelled Hibernat  Hex/Ice        ###...       3%          2    None


Dungeon Overview and Level Annotations

Branches:
Dungeon (1/1)

Altars:


Innate Abilities, Weirdness & Mutations

You are tiny and cannot use many weapons and most armour.
You have supernaturally acute eyesight.
You are an herbivore.
You cover ground extremely quickly.
You need consume almost no food.


Message History

Confirm with . or Enter, or press ? or * to list all spells.
Aiming: Corona
Press: ? - help, Shift-Dir - straight line, f/p - necrophage
Aim: a necrophage (lightly damaged, chance to defeat MR: 47%)
The necrophage is outlined in light.
The necrophage closely misses you.
You hit the necrophage.
The necrophage is lightly damaged.
The necrophage hits you!
* * * LOW HITPOINT WARNING * * *
You hit the necrophage but do no damage.
The necrophage is lightly damaged.
The necrophage completely misses you.
Your magical contamination has completely faded away.
You hit the necrophage.
The necrophage is moderately damaged.
The necrophage barely misses you.
You hit the necrophage.
The necrophage is moderately damaged.
The necrophage hits you.
You die...

# $#. # ##.
#+# .##
#$.B##.##...#
#+.<.†#
#.B.##.##...#
##. #'## .##
# ###..## #
#.##n.#
##.#@## ##+##
#≈≈≈≈≈≈≈≈≈≈≈
#+++#+++#≈§≈
... .§§ §.8.§
§§§§. ..§§§..


You could see a necrophage.

Vanquished Creatures
  3 necrophages (D)
  3 worms (D)
6 creatures vanquished.

Vanquished Creatures (others)
  Menkaure (D)
  A crocodile (D)
2 creatures vanquished.

Grand Total: 8 creatures vanquished

Notes
Turn   | Place    | Note
--------------------------------------------------------------
     0 | D        | Kidiri the Spriggan Enchanter began the quest for the Orb.
     0 | D        | Reached XP level 1. HP: 9/9 MP: 5/5
     1 | D        | Noticed a hippogriff
     1 | D        | Noticed a hippogriff
     4 | D        | Noticed a boulder beetle
     4 | D        | Noticed a boulder beetle
    34 | D        | Reached skill level 5 in Stealth
    43 | D        | Killed a crocodile
    46 | D        | Killed Menkaure
   174 | D        | Noticed an obsidian statue
   199 | D        | Reached XP level 2. HP: 10/14 MP: 5/7
   203 | D        | Learned a level 2 spell: Ensorcelled Hibernation
   292 | D        | Noticed a necrophage
   292 | D        | Noticed a necrophage
   292 | D        | Noticed a necrophage
   292 | D        | Noticed a necrophage
   304 | D        | Killed a necrophage
   304 | D        | Reached skill level 1 in Fighting
   304 | D        | Reached skill level 1 in Armour
   304 | D        | Reached skill level 6 in Dodging
   304 | D        | Reached skill level 7 in Stealth
   304 | D        | Reached skill level 1 in Ice Magic
   304 | D        | Reached XP level 3. HP: 17/17 MP: 8/10
   304 | D        | Reached XP level 4. HP: 22/22 MP: 8/11
   310 | D        | Killed a necrophage
   310 | D        | Reached skill level 5 in Short Blades
   310 | D        | Reached skill level 8 in Stealth
   310 | D        | Reached skill level 5 in Spellcasting
   310 | D        | Reached skill level 5 in Hexes
   310 | D        | Reached XP level 5. HP: 22/25 MP: 9/14
   317 | D        | Killed a necrophage
   344 | D        | Slain by a necrophage

Vault maps used:
D:        the_violet_keep_of_menkaure

Action                   |  1- 3 |  4- 6 || total
-------------------------+-------+-------++-------
Melee: Dagger            |    53 |    27 ||    80
 Cast: Corona            |     4 |     5 ||     9
  Use: Potion            |     1 |     1 ||     2
 Stab: Sleeping          |     1 |       ||     1
